 Dungeon Crawl Stone Soup version 0.24.0-41-g2ae2f7f1be (webtiles) character file.

Game seed: 16267805667825050080, levelgen mode: deterministic

23 Goreval the Firebug (level 2, 0/20 HPs)
             Began as a Draconian Fire Elementalist on Dec 10, 2019.
             Succumbed to an adder's poison
             ... on level 1 of the Dungeon.
             The game lasted 00:00:58 (1334 turns).

Goreval the Firebug (Draconian Fire Elementalist)   Turns: 1334, Time: 00:00:59

Health: 0/20       AC:  4    Str: 10    XL:     2   Next: 75%
Magic:  0/5        EV: 12    Int: 15    God:
Gold:   41         SH:  0    Dex: 11    Spells: 4/5 levels left

rFire    . . .     SeeInvis .   (no weapon)
rCold    . . .     Gourm    .   (no shield)
rNeg     . . .     Faith    .   (armour unavailable)
rPois    .         Spirit   .   (helmet restricted)
rElec    .         Reflect  .   (no cloak)
rCorr    .         Harm     .   (no gloves)
MR       .....                  (no boots)
Stlth    ++........             (no amulet)
HPRegen  0.06/turn              (no ring)
MPRegen  0.09/turn              (no ring)

@: lethally poisoned (0 -> -10)
A: unfitting armour, cold-blooded, AC +4
a: no special abilities


You were on level 1 of the Dungeon.
You were near starving.

You visited 1 branch of the dungeon, and saw 2 of its levels.

You collected 41 gold pieces.

Inventory:

Armour
 a - a +0 cloak
Scrolls
 d - 2 scrolls of teleportation {unknown}
 g - a scroll of identify {unknown}
 h - a scroll of immolation {unknown}
Potions
 e - 2 potions of ambrosia {unknown}
 f - a potion of heal wounds {unknown}
Comestibles
 b - 2 rations


   Skills:
 - Level 1.7 Dodging
 - Level 1.7 Stealth
 + Level 2.2 Spellcasting
 * Level 1.9 Conjurations
 * Level 3.4 Fire Magic


You had 4 spell levels left.
You knew the following spells:

 Your Spells              Type           Power        Failure   Level  Hunger
a - Flame Tongue          Conj/Fire      #....        7%          1    #......

Your spell library contained the following spells:

 Spells                   Type           Power        Failure   Level  Hunger
 Throw Flame              Conj/Fire      #.....       11%         2    ###....
 Conjure Flame            Conj/Fire      #.......     22%         3    ###....
 Inner Flame              Hex/Fire       #.......     32%         3    ###....
 Sticky Flame             Conj/Fire      #.......     56%         4    #####..
 Fireball                 Conj/Fire      #.........   89%         5    ######.


Dungeon Overview and Level Annotations

Branches:
Dungeon (2/15)

Altars:


Innate Abilities, Weirdness & Mutations

Your plain brown scales are hard. (AC +4)
You cannot fit into any form of body armour.
You are cold-blooded and may be slowed by cold attacks.


Message History

The adder bites you.
You are lethally poisoned!
The adder poisons you!
You feel sick.
You feel sick.
You feel sick. The adder closely misses you.
You feel sick. The adder barely misses you.
* * * LOW HITPOINT WARNING * * *
You feel sick.
* * * LOW HITPOINT WARNING * * *
You feel sick.
Aim: an adder (moderately wounded)
The flame tongue hits the adder.
The adder bites you.
* * * LOW HITPOINT WARNING * * *
You are more poisoned.
The adder poisons you! The adder bites you but does no damage.
Unknown command.
You closely miss the adder.
You die...

#..###.###.###.###..##..........#
#..#.#.#.#.#<#.#.#..##..........#
#..#.###.#.#.###.#..##########...
#..#...).#.#.....#..# #...
#..###.###.###.###..# #...
#....#.#.....#.#....# #...
#..###.#######.###..# #...
#..#...........S.#..# #...
#..#.#####.#####@#..##########...
#..#.#...#.#...#.#...............
#..###.###.###.###...##[####.#...
#......#.....#.......##..# #.#...
#..###.###.###.###...###'# #.#..#
#..#.#...#.#...#.#...#♣..♣♣###..#
#..#.#####.#####.#...#♣.♣.♣#.....
#....................#.♣♣♣.######
#(........>..........#♣.♣.♣#.....


You could see an adder.

Vanquished Creatures
  2 leopard geckos (D:1)
  2 bats
  A giant cockroach (D:1)
  2 goblins (D:1)
  4 hobgoblins
  A quokka (D:2)
  3 frilled lizards (D:1)
  2 kobolds (D:1)
  3 rats (D:1)
20 creatures vanquished.

Notes
Turn   | Place    | Note
-------+----------+-------------------------------------------
     0 | D:1      | Goreval the Draconian Fire Elementalist began the quest for
                  | the Orb.
     0 | D:1      | Reached XP level 1. HP: 14/14 MP: 3/3
   302 | D:1      | Reached XP level 2. HP: 18/20 MP: 1/5
  1333 | D:1      | HP: 1/20 [adder (4)]
  1334 | D:1      | Succumbed to an adder's poison

Levels and vault maps discovered:
D:1:      evilmike_arrival_hilbert_curve, layout_basic, chequers_arboretum,
          minivault_11
D:2:      layout_rooms, lemuel_crystal_altar,
          nicolae_gozag_cash_rules_everything_around_me,
          uniq_crazy_yiuf_cottage, uniq_jessica, uniq_sigmund

Action                   || total
-------------------------++-------
Melee: Unarmed           ||     2
 Cast: Flame Tongue      ||    29
Armor: Skin              ||     7
Dodge: Dodged            ||     6
